 Dungeon Crawl Stone Soup version 0.29-a0-341-g24ffce5b50 (webtiles) character file.

Game seed: 4753382240359159866

436 spaghetti the Covered (level 7, -2/93 HPs)
             Began as a Naga Berserker on Apr 20, 2022.
             Was a Follower of Trog.
             Slain by a gnoll
             ... wielding a +0 club
              (6 damage)
             ... on level 4 of the Dungeon.
             The game lasted 00:03:50 (3187 turns).

spaghetti the Covered (Naga Berserker)              Turns: 3187, Time: 00:03:51

Health: -2/93      AC:  7    Str: 21    XL:     7   Next: 1%
Magic:  7/7        EV:  9    Int:  8    God:    Trog [*.....]
Gold:   97         SH:  0    Dex: 10    Spells: 6/6 levels left

rFire   . . .      SeeInvis +   a - +2 long sword (elec) {long}
rCold   . . .      Faith    .   (no shield)
rNeg    . . .      Spirit   .   d - +0 steam dragon scales
rPois   +          Reflect  .   t - +0 helmet
rElec   .          Harm     .   (no cloak)
rCorr   .          Rampage  .   (no gloves)
Will    .....                   (no barding)
Stlth   ..........              (no amulet)
HPRegen 0.25/turn               (no ring)
MPRegen 0.10/turn               (no ring)

@: berserking, quick
A: AC +2, large, see invisible, deformed body, poison resistance, slowness 2,
spit poison 1, naga tail 1
a: Spit Poison, Renounce Religion, Berserk


You were on level 4 of the Dungeon.
You worshipped Trog.
Trog was aware of your devotion.
You visited 1 branch of the dungeon, and saw 4 of its levels.

You collected 97 gold pieces.


Innate Abilities, Weirdness & Mutations

Your serpentine skin is tough. (AC +2)
You have supernaturally acute eyesight. (SInv)
Armour fits poorly on your strangely shaped body.
Your system is resistant to poisons. (rPois)
You cover ground very slowly.
You can spit poison.
You have a snake-like lower body.


   Skills:
 - Level 3.0 Fighting
 + Level 6.0 Armour
 - Level 1.5 Dodging
 - Level 3.0 Unarmed Combat


You had 6 spell levels left.
You didn't know any spells.
Your spell library contained the following spells:

 Spells                   Type           Power      Damage    Failure   Level
 Freeze                   Ice            0%         1d3       41%         1
 Dazzling Flash           Conj/Hex       0%         N/A       78%         3
 Frozen Ramparts          Ice            0%         1d2       78%         3
 Hailstorm                Conj/Ice       0%         3d3       99%         4
 Agony                    Necr           0%         N/A       100%        5
 Silence                  Hex/Air        0%         N/A       100%        5
 Malign Gateway           Summ/Tloc      0%         N/A       100%        7
 Summon Horrible Things   Summ           0%         N/A       100%        8

Inventory:

Hand Weapons
 a - a +2 long sword of electrocution (weapon) {long}
   (You found it on level 3 of the Dungeon)
 b - a +0 hunting sling {sling}
   (You found it on level 3 of the Dungeon)
Missiles
 f - 5 poisoned darts {throwing}
 g - 5 boomerangs (quivered) {throwing}
 j - 112 stones {throwing}
Armour
 d - +0 steam dragon scales (worn)
   (You found it on level 3 of the Dungeon)
 s - a +0 animal skin
 t - a +0 helmet (worn)
   (You found it on level 3 of the Dungeon)
Jewellery
 m - a +6 ring of intelligence
   (You found it on level 2 of the Dungeon)
Wands
 r - a wand of digging (3)
   (You found it on level 3 of the Dungeon)
 u - a wand of charming (9)
   (You found it on level 4 of the Dungeon)
Scrolls
 c - 2 scrolls of blinking {unknown}
 h - 2 scrolls of enchant armour {unknown}
 l - a scroll of acquirement {unknown}
 n - 4 scrolls of identify {unknown}
 o - a scroll of immolation {unknown}
 w - a scroll of teleportation {unknown}
 x - a scroll of vulnerability {unknown}
Potions
 e - a potion of flight {unknown}
 i - a potion of invisibility {unknown}
 k - 2 potions of heal wounds {unknown}
 p - a potion of curing {unknown}
 q - a potion of ambrosia {unknown}
 v - a potion of might {unknown}
 z - a potion of cancellation {unknown}

Dungeon Overview and Level Annotations

Branches:
Dungeon (4/15)
 Temple: D:4-7

Altars:
Cheibriados

Shops:
D:3

? #. ..... ..#.
#..... ##. ....
#...... #. #.. ...$
........ #.....
#..###....... #.. #
#.>...)##$..
..###.##
#..gg.........#.#...
#.@)...# .. ......
##...#.# .. #.#...
#....#.##.# #.#...
#.......#.####.....
#.......#..#.#.....
##.................
###...#.#.........
#####...........
##.........#..


You could see 2 gnolls.


Message History

A gnoll comes into view. It is wielding a +0 flail.
You shoot a sling bullet. The gnoll shouts!
The sling bullet hits the goblin but does no damage.
A gnoll shaman comes into view. It is wielding a +0 club.
You shoot a sling bullet. The gnoll shouts!
The sling bullet hits the goblin.
You kill the goblin!
Trog accepts your kill.
A gnoll comes into view. It is wielding a +0 club.
You shoot a sling bullet.
The sling bullet barely misses the gnoll.
The sling bullet barely misses the gnoll shaman.
You shoot a sling bullet.
The sling bullet hits the gnoll but does no damage.
You shoot a sling bullet. The sling bullet hits the gnoll.
The gnoll hits you with a +0 flail!
The gnoll hits you with a +0 flail. 😕 HP[-10]
You take 10 damage, and now have 46/56 hp.
You are too injured to fight recklessly!
You are too injured to fight recklessly!
You are too injured to fight recklessly!
You are too injured to fight recklessly!
You are too injured to fight recklessly!
You are too injured to fight recklessly!
You are too injured to fight recklessly!
You are too injured to fight recklessly!
You are too injured to fight recklessly!
You are too injured to fight recklessly!
You are too injured to fight recklessly!
You are too injured to fight recklessly!
You are too injured to fight recklessly!
You are too injured to fight recklessly!
You are too injured to fight recklessly!
You are too injured to fight recklessly!
You are too injured to fight recklessly!
You are too injured to fight recklessly!
You are too injured to fight recklessly!
You are too injured to fight recklessly!
You are too injured to fight recklessly!
You are too injured to fight recklessly!
You are too injured to fight recklessly!
You hear the crackle of electricity.
a - a +2 long sword of electrocution (weapon)
{long} You are too injured to fight recklessly!
You are too injured to fight recklessly!
You are too injured to fight recklessly!
You barely miss the gnoll. You punch the gnoll.
The gnoll hits you but does no damage.
The gnoll hits you with a +0 flail. 😮 HP[-4]
You take 4 damage, and now have 42/56 hp.
You slash the gnoll!
You kill the gnoll!
Trog accepts your kill. 😕 HP[+1]
You slash the gnoll shaman! The gnoll hits you with a +0 flail.
The gnoll shaman hits you with a +0 club.
The gnoll hits you with a +0 club.
* * * LOW HITPOINT WARNING * * *
The gnoll shaman hits you with a +0 club.
* * * LOW HITPOINT WARNING * * *
The gnoll barely misses you. 😨 HP[-21]
You take 21 damage, and now have 22/56 hp.
MASSIVE DAMAGE!! (PAUSE)
A red film seems to cover your vision as you go berserk!
You feel yourself moving faster!
You feel mighty! The gnoll hits you with a +0 club.
* * * LOW HITPOINT WARNING * * *
The gnoll hits you with a +0 flail!
* * * LOW HITPOINT WARNING * * *
The gnoll shaman hits you with a +0 club!
* * * LOW HITPOINT WARNING * * *
😱 HP[-7]
You now have 84 max hp (+28).
You closely miss the gnoll shaman.
Your punch misses the gnoll shaman. 😱 HP[+1]
You slash the gnoll shaman!
Lightning courses through the gnoll shaman!!
You kill the gnoll shaman!
Trog accepts your kill. The gnoll hits you with a +0 club.
* * * LOW HITPOINT WARNING * * *
The gnoll barely misses you.
Your Armour skill increases to level 6!
You have reached level 7! 😱 HP[+1] MP[+1]
You now have 93 max hp (+9).
Your mp is fully restored (7).
You slash the gnoll! The gnoll hits you but does no damage.
The gnoll closely misses you.
You barely miss the gnoll. The gnoll hits you with a +0 club.
* * * LOW HITPOINT WARNING * * *
The gnoll completely misses you. 😱 HP[-6]
You take 6 damage, and now have 11/93 hp.
You closely miss the gnoll. The gnoll hits you with a +0 flail!
* * * LOW HITPOINT WARNING * * *
The gnoll hits you with a +0 club.
You die...

Skill      XL: |  1  2  3  4  5  6 |
---------------+-------------------+-----
Armour         | 2 3 5 6 |  6.0
Fighting       | |  3.0
Dodging        | |  1.5
Unarmed Combat | |  3.0

Action                   |  1- 3 |  4- 6 |  7- 9 || total
-------------------------+-------+-------+-------++-------
Melee: Unarmed           |    52 |    50 |       ||   102
       Punch             |     3 |     1 |       ||     4
       Long sword        |       |     7 |     3 ||    10
 Fire: Hunting sling     |       |    37 |       ||    37
Throw: Boomerang         |    35 |     8 |       ||    43
Invok: Berserk           |       |     3 |       ||     3
 Abil: Spit Poison       |     4 |     1 |       ||     5
  Use: Potion            |       |     1 |       ||     1
Armor: Animal skin       |    11 |     6 |       ||    17
       Steam dragon scal |       |     7 |     1 ||     8
Dodge: Dodged            |    33 |    25 |     2 ||    60

Levels and vault maps discovered:
D:1:      minmay_arrival_plants_in_alcoves, layout_basic
D:2:      layout_loops_corners, uniq_jessica, uniq_sigmund
D:3:      layout_rooms, serial_shops, nicolae_shop_trees
D:4:      layout_cave_pools, cheibriados_altar_1, minmay_manual_mail

Notes
Turn   | Place    | Note
-------+----------+-------------------------------------------
     0 | D:1      | spaghetti the Naga Berserker began the quest for the Orb.
     0 | D:1      | Reached XP level 1. HP: 21/21 MP: 1/1
     0 | D:1      | magus.rc [v1.9.6]
   190 | D:1      | Reached skill level 2 in Armour
   206 | D:1      | Reached XP level 2. HP: 17/28 MP: 2/2
  1053 | D:2      | Reached XP level 3. HP: 34/34 MP: 3/3
  1211 | D:2      | You pick up a book of Frost {forbidden} and begin
                  | reading...
  1211 | D:2      | You add the spells Freeze, Frozen Ramparts and Hailstorm to
                  | your library.
  1261 | D:2      | Reached skill level 3 in Armour
  1545 | D:2      | You pick up a book of the Senses {forbidden} and begin
                  | reading...
  1545 | D:2      | You add the spells Dazzling Flash, Agony and Silence to
                  | your library.
  1812 | D:2      | Noticed Jessica
  1818 | D:2      | Killed Jessica
  1819 | D:2      | Reached XP level 4. HP: 42/42 MP: 4/4
  1862 | D:2      | Noticed Sigmund
  1883 | D:2      | Killed Sigmund
  1884 | D:2      | Reached skill level 5 in Armour
  1884 | D:2      | Reached XP level 5. HP: 32/49 MP: 5/5
  1884 | D:2      | Reached XP level 6. HP: 37/56 MP: 6/6
  2079 | D:3      | Found Pojoant's Magic Scroll Emporium.
  2267 | D:3      | Noticed a steam dragon
  2283 | D:3      | Killed a steam dragon
  2825 | D:3      | You add the spells Malign Gateway and Summon Horrible
                  | Things to your library.
  3000 | D:4      | Found a snail-covered altar of Cheibriados.
  3182 | D:4      | HP: 15/84 [gnoll shaman/+0 club (9)]
  3185 | D:4      | Reached skill level 6 in Armour
  3185 | D:4      | Reached XP level 7. HP: 17/62 MP: 7/7
  3187 | D:4      | HP: 4/93 [gnoll/+0 flail (7)]
  3187 | D:4      | Slain by a gnoll

Vanquished Creatures
  Sigmund (D:2)
  A steam dragon (D:3)
  A gnoll shaman (D:4)
  Jessica (D:2)
  A gnoll (D:4)
  An adder (D:2)
  An ufetubus (D:4)
  2 worms (D:3)
  A dart slug (D:1)
  2 bats
  5 endoplasms
  4 giant cockroaches
  9 goblins
  3 hobgoblins
  4 ball pythons
  2 frilled lizards (D:2)
  5 kobolds
  5 rats
49 creatures vanquished.

Table legend:
 A = Non-vault XP
 B = Vault XP
 C = Vault XP percentage of total XP
 D = Non-vault monster count
 E = Vault monster count
 F = Vault count percentage of total count
                 A         B        C        D         E       F
            +---------+---------+-------+---------+---------+-------
      Total |     344 |     280 |  44.9 |      47 |       2 |   4.1
            +---------+---------+-------+---------+---------+-------
        D:1 |      29 |       0 |   0.0 |      15 |       0 |   0.0
        D:2 |      33 |     280 |  89.5 |      13 |       2 |  13.3
        D:3 |     212 |       0 |   0.0 |      12 |       0 |   0.0
        D:4 |      70 |       0 |   0.0 |       7 |       0 |   0.0
            +---------+---------+-------+---------+---------+-------

Illustrated notes

Table legend:
 A = Kills in this place as a percentage of kills in entire the game.
 B = Kills by you in this place as a percentage of kills by you in the entire game.
 C = Kills by friends in this place as a percentage of kills by friends in the entire game.
 D = Other kills in this place as a percentage of other kills in the entire game.
 E = Experience gained in this place as a percentage of experience gained in the entire game.
 F = Experience gained in this place divided by the number of levels of this place that you have seen.
                   A       B       C       D       E      F
               +-------+-------+-------+-------+-------+----------------------
         Total | 100.0 | 100.0 |   N/A |   N/A | 100.0 | 156.0
       Dungeon | 100.0 | 100.0 |   N/A |   N/A | 100.0 | 156.0
               +-------+-------+-------+-------+-------+----------------------

Table legend: (Time is in decaauts)
 A = Elapsed time spent in this place.
 B = Non-inter-level travel time spent in this place.
 C = Inter-level travel time spent in this place.
 D = Time resting spent in this place.
 E = Time spent auto-exploring this place.
 F = Levels seen in this place.
 G = Mean time per level.
                   A        B        C        D        E       F      G
               +--------+--------+--------+--------+--------+-----+--------+
         Total |   3942 |   3823 |    119 |    657 |   2680 |   4 |  985.5 |
       Dungeon |   3942 |   3823 |    119 |    657 |   2680 |   4 |  985.5 |
               +--------+--------+--------+--------+--------+-----+--------+

Top non-repeatable levels by time:
     D:2: 1585 daAuts
     D:1: 1243 daAuts
     D:3: 878 daAuts
     D:4: 235 daAuts
